 Dungeon Crawl Stone Soup version 0.17-a0-2069-g0f4ee5b (webtiles) character file.

1927 4thArraOfDagon the Martial Artist (level 9, -2/47 HPs)
             Began as a Vine Stalker Monk on Oct 13, 2015.
             Was an Elder of Cheibriados.
             Slain by an orc warrior
             ... wielding a +0 war axe
              (10 damage)
             ... in a bailey.
             The game lasted 00:13:43 (2104 turns).

4thArraOfDagon the Martial Artist (VSMo)            Turns: 2104, Time: 00:13:44

Health: -2/47      AC:  8    Str: 22    XL:     9   Next: 17%
Magic:  0/13       EV: 17    Int: 22    God:    Cheibriados [****..]
Gold:   129        SH:  0    Dex: 27    Spells: 0 memorised, 8 levels left

rFire  . . .     SeeInvis .       - Unarmed
rCold  . . .     Rnd*Rage +     w - +0 chain mail
rNeg   . . .     SustAt   .     (no shield)
rPois  .         Gourm    .     (no helmet)
rElec  .         Spirit   +     (no cloak)
rCorr  .         Warding  .     (no gloves)
rMut   .         Stasis   .     (no boots)
MR     +....                    C - amulet of rage
Stlth  ..........               (no ring)
                                B - +5 ring of evasion

@: about to teleport, very slow, somewhat resistant to hostile enchantments,
extremely unstealthy
A: fangs 3, berserk 1, regeneration 2, evolution 1, magic shield, antimagic
bite, no device heal 3, rot immunity, MP-powered wands
a: Bend Time, Temporal Distortion, Slouch, Renounce Religion, Evoke Berserk Rage


You were in a bailey.
You worshipped Cheibriados.
Cheibriados was greatly pleased with you.
You were not hungry.

You visited 2 branches of the dungeon, and saw 8 of its levels.
You also visited: Bailey.

You collected 265 gold pieces.
You spent 136 gold pieces at shops.

Inventory:

Missiles
 u - 6 javelins (quivered)
Armour
 a - a +2 troll leather armour
 i - a +1 pair of gloves of dexterity
 w - a +0 chain mail (worn)
Jewellery
 d - an uncursed amulet of resist corrosion
 n - an uncursed amulet of warding
 A - an uncursed ring of fire
 B - a +5 ring of evasion (left hand)
 C - an amulet of rage (around neck)
Wands
 g - a wand of fireball (3)
Scrolls
 l - a scroll of noise
 o - 5 scrolls of enchant armour
 q - a scroll of blinking
 r - 2 scrolls of enchant weapon
 t - 2 scrolls of teleportation
Potions
 e - a potion of beneficial mutation {unknown}
 h - a potion of curing
 p - a potion of brilliance
 D - a potion of cure mutation
Books
 y - a book of Envenomations

   Spells                             Type                      Level
   a - Spider Form                    Transmutation/Poison         3
   b - Alistair's Intoxication        Transmutation/Poison         4
   c - Olgreb's Toxic Radiance        Poison                       4
   d - Poisonous Cloud                Conjuration/Poison/Air       6
Comestibles
 b - 3 bread rations
 c - 4 chunks of flesh
 s - 3 meat rations
 v - a royal jelly
 z - 4 fruits


   Skills:
 + Level 5.1 Fighting
 + Level 4.8 Dodging
 - Level 2.4 Stealth
 * Level 8.2 Unarmed Combat
 + Level 4.3 Invocations
 - Level 3.1 Evocations


You had 8 spell levels left.
You didn't know any spells.

Dungeon Overview and Level Annotations

Branches:
Dungeon (7/15)             Temple (1/1) D:4

Altars:
Cheibriados
Dithmenos
Elyvilon
Fedhas
Kikubaaqudgha
Makhleb
Nemelex Xobeh
Okawaru
Qazlal
Ru
Sif Muna
Trog
Vehumet
Xom
Yredelemnul
Zin

Shops:
D:5 [   D:6 ?

Annotations:
D:7 Dowan, Duvessa


Innate Abilities, Weirdness & Mutations

You have razor-sharp teeth.
You heal very quickly.
When hurt, damage is shared between your health and your magic reserves.
Your bite disrupts and absorbs the magic of your enemies.
Potions and wands cannot restore your health.
You are immune to rotting.
You tend to lose your temper in combat.
You evolve.
You expend magic power (3 MP) to strengthen your wands.


Message History

The orc warrior hits you but does no damage.
Unknown command.
Unknown command.
The orc warrior shouts!
You hit the orc warrior.
You bite the orc warrior, but do no damage.
The orc warrior is lightly wounded.
Unknown command.
Unknown command.
Unknown command.
Read which item? (? for menu, Esc to quit)
As you read the scroll of teleportation, it crumbles to dust.
You feel strangely unstable.
The orc warrior hits you with a war axe!
* * * LOW HITPOINT WARNING * * *
Unknown command.
Unknown command.
Unknown command.
The orc warrior hits you with a war axe!
You die...

##.....##.........
#.......(.........
##......[##.......#
#...(...).#..(....#
##.....o...##88o88##
#.....⌠.....###o###.
##.........###...###
#.o.......#.o.)...#
##@.o....##.).....#
#.......#...).....
##.....##......o..
##)####..........
##.)...##.........
#.......#.........
##.......##.......#
#.........#[..)))(#
##.........##....(##


You could see 3 orc warriors.

Vanquished Creatures
  An orc knight (Bailey)
  A sky beast (D:6)
  An ice beast (D:7)
  A phantom (D:5)
  5 orc warriors (Bailey)
  2 ogres (D:6)
  A centaur (D:6)
  A giant frog (D:7)
  2 centaur zombies
  An iguana (D:5)
  A giant frog zombie (D:6)
  An orc priest (D:7)
  A centaur skeleton (D:6)
  Jessica (D:3)
  2 orc wizards
  A hound (D:7)
  A hound skeleton (D:6)
  2 adders
  7 gnolls (Bailey)
  A shadow imp (D:6)
  A worm (D:3)
  29 orcs
  A ball python (D:3)
  A bat (D:1)
  4 giant cockroaches
  24 goblins
  10 hobgoblins
  A quokka (D:6)
  A giant cockroach zombie (D:5)
  A giant gecko (D:7)
  A giant newt (D:1)
  A jackal skeleton (D:4)
  2 kobolds
  A quokka zombie (D:6)
  2 rats
114 creatures vanquished.

Notes
Turn   | Place    | Note
--------------------------------------------------------------
     0 | D:1      | 4thArraOfDagon the Vine Stalker Monk began the quest for the Orb.
     0 | D:1      | Reached XP level 1. HP: 11/11 MP: 2/2
   158 | D:1      | lab
   185 | D:1      | Reached XP level 2. HP: 4/16 MP: 1/3
   276 | D:3      | Noticed Jessica
   308 | D:3      | Killed Jessica
   308 | D:3      | Reached XP level 3. HP: 15/19 MP: 4/4
   339 | D:4      | Found a staircase to the Ecumenical Temple.
   347 | Temple   | Entered the Ecumenical Temple
   361 | Temple   | Became a worshipper of Cheibriados the Contemplative
   361 | Temple   | Reached * piety under Cheibriados
   361 | Temple   | Reached ** piety under Cheibriados
   552 | D:2      | Found a stormy altar of Qazlal.
   622 | D:4      | Reached skill level 5 in Unarmed Combat
   622 | D:4      | Reached XP level 4. HP: 13/24 MP: 3/5
   656 | D:5      | Entered Level 5 of the Dungeon
   676 | D:5      | Noticed a phantom
   706 | D:5      | Killed a phantom
   706 | D:5      | Reached skill level 1 in Invocations
   706 | D:5      | Reached XP level 5. HP: 24/28 MP: 5/7
   786 | D:6      | Noticed an ogre
   793 | D:6      | Killed an ogre
   793 | D:6      | Gained mutation: You heal very quickly. [Vine Stalker growth]
   793 | D:6      | Reached XP level 6. HP: 32/32 MP: 8/8
   828 | D:6      | Found Xysugh's Magic Scroll Boutique.
   836 | D:6      | Bought a scroll of enchant armour for 97 gold pieces
   836 | D:6      | Bought a scroll of teleportation for 39 gold pieces
   895 | D:6      | Noticed a wraith
   899 | D:5      | Found Lyjuc's Antique Armour Emporium.
   904 | D:5      | Reached skill level 6 in Unarmed Combat
  1186 | D:6      | Reached *** piety under Cheibriados
  1209 | D:7      | Reached XP level 7. HP: 37/37 MP: 9/9
  1219 | D:7      | Noticed Duvessa
  1343 | D:6      | Noticed a sky beast
  1357 | D:6      | Killed a sky beast
  1450 | D:7      | Reached skill level 7 in Unarmed Combat
  1450 | D:7      | Gained mutation: You have razor-sharp teeth. [Vine Stalker growth]
  1450 | D:7      | Reached XP level 8. HP: 30/42 MP: 11/11
  1479 | D:7      | Noticed Dowan
  1514 | D:7      | Found a flagged portal.
  1532 | Bailey   | Entered a bailey
  1592 | Bailey   | Reached skill level 1 in Evocations
  1621 | Bailey   | Reached **** piety under Cheibriados
  1639 | Bailey   | Was placed under penance by Cheibriados
  1647 | Bailey   | Was forgiven by Cheibriados
  1695 | Bailey   | Was placed under penance by Cheibriados
  1700 | Bailey   | Was forgiven by Cheibriados
  1767 | Bailey   | Noticed an orc knight
  1775 | Bailey   | Was placed under penance by Cheibriados
  1781 | Bailey   | HP: 1/63 [orc knight/broad axe (16)]
  1783 | Bailey   | Killed an orc knight
  1783 | Bailey   | Reached skill level 5 in Fighting
  1783 | Bailey   | Reached skill level 8 in Unarmed Combat
  1783 | Bailey   | Reached XP level 9. HP: 1/47 MP: 1/13
  1886 | Bailey   | Was forgiven by Cheibriados
  1994 | Bailey   | Gained mutation: You tend to lose your temper in combat. [potion of mutation]
  1994 | Bailey   | Gained mutation: You expend magic power (3 MP) to strengthen your wands. [potion of mutation]
  1994 | Bailey   | Gained mutation: You evolve. [potion of mutation]
  2033 | Bailey   | Noticed an orc warlord
  2037 | Bailey   | Noticed an orc knight
  2089 | Bailey   | Identified a scroll of acquirement
  2104 | Bailey   | Slain by an orc warrior

Vault maps used:
D:1:      moated_graveyard_arrival, st_stairs_3
D:2:      lemuel_doored_altar
D:3:      minmay_misc_feat_five, moated_statue, uniq_jessica
D:4:      minmay_temple_entry_hall, uniq_grinder
D:5:      first_bread, serial_shops, shop
D:6:      serial_shops, shop, kennysheep_diamond
D:7:      minmay_klotski, enter_bailey_3, uniq_duvessa, uniq_crazy_yiuf_cottage
Temple:   lightli_temple_of_artemis
Bailey:   bailey_axe_minmay_hex_keep, bailey

Action                   |  1- 3 |  4- 6 |  7- 9 || total
-------------------------+-------+-------+-------++-------
Melee: Unarmed           |    45 |    74 |   187 ||   306
Throw: Javelin           |       |     6 |     4 ||    10
 Abil: Evoke Berserk Rag |       |       |     3 ||     3
Evoke: Wand              |       |       |     1 ||     1
  Use: Scroll            |       |       |    19 ||    19
       Potion            |       |       |     6 ||     6
 Stab: Sleeping          |     1 |     3 |     2 ||     6
  Eat: Chunk             |       |       |     4 ||     4
